 Dungeon Crawl Stone Soup version 0.17.0-24-gcfadda4 (webtiles) character file.

59 M4edhros the Charlatan (level 4, 0/28 HPs)
             Began as an Octopode Artificer on Nov 16, 2015.
             Killed from afar by Natasha (10 damage)
             ... with a magic dart
             ... on level 2 of the Dungeon.
             The game lasted 00:00:44 (1104 turns).

M4edhros the Charlatan (Octopode Artificer)         Turns: 1104, Time: 00:00:44

Health: 0/28       AC:  1    Str: 10    XL:     4   Next: 3%
Magic:  7/7        EV: 12    Int: 14    God:
Gold:   50         SH:  0    Dex: 13    Spells: 0 memorised, 3 levels left

rFire  . . .     SeeInvis .     a - +0 short sword
rCold  . . .     Clarity  .     (no shield)
rNeg   . . .     SustAt   .     (helmet restricted)
rPois  .         Gourm    .     (no amulet)
rElec  .         Spirit   .     (no ring)
rCorr  .         Warding  .     (no ring)
rMut   .         Stasis   .     (no ring)
MR     .....                    (no ring)
Stlth  ++++......               (no ring)
                                (no ring)
                                (no ring)
                                (no ring)

@: not resistant to hostile enchantments, stealthy
A: almost no armour, amphibious, 8 rings, constrict 8, camouflage 1, gelatinous
body 1
a: no special abilities


You were on level 2 of the Dungeon.
You were hungry.

You visited 1 branch of the dungeon, and saw 2 of its levels.

You collected 50 gold pieces.

Inventory:

Hand Weapons
 a - a +0 short sword (weapon)
Missiles
 h - 29 stones (quivered)
Wands
 b - a wand of flame (15)
 c - a wand of enslavement (15)
 d - a wand of random effects (15)
Scrolls
 f - 3 scrolls of identify {unknown}
 j - a scroll of recharging {unknown}
 l - a scroll of fog {unknown}
Potions
 g - a potion of haste {unknown}
Comestibles
 e - 3 bread rations
 i - a slice of pizza
 k - a meat ration


   Skills:
 - Level 1.0 Fighting
 - Level 1.0 Short Blades
 - Level 2.0 Dodging
 + Level 3.8 Stealth
 + Level 4.4 Evocations


You had 3 spell levels left.
You didn't know any spells.

Dungeon Overview and Level Annotations

Branches:
Dungeon (2/15)

Altars:
Cheibriados
Makhleb
Vehumet

Annotations:
D:2 Natasha


Innate Abilities, Weirdness & Mutations

You cannot wear most types of armour.
You are amphibious.
You can wear up to eight rings at the same time.
You can use your tentacles to constrict eight enemies at once.
Your skin changes colour to match your surroundings (Stealth).
Your rubbery body absorbs attacks (AC +1).


Message History

Natasha closely misses you.
You barely miss Natasha.
Natasha is lightly wounded.
You constrict Natasha. Natasha claws you!
You hit Natasha but do no damage.
Natasha is heavily wounded.
You constrict Natasha, but do no damage.
The crimson imp hits you.
Natasha mumbles some strange words.
You hit Natasha but do no damage.
Natasha is heavily wounded.
You constrict Natasha. The crimson imp closely misses you. Natasha claws you.
The crimson imp shouts, "Away with thee, thou lumpish fly-bitten gudgeon!"
The crimson imp barely misses you.
You hit Natasha.
Natasha is almost dead.
You constrict Natasha. The crimson imp hits you. Natasha casts a spell at you.
The magic dart hits you!
You die...

##.......#.#...#>#..##...........
##.............#....#..#.##......
#..#..#.#.##...###.......##......
..........##.÷.#...)....###......
#.###..#####.............##......
..# #..# #..............##......
.####..##....#...........##......
.#..........###5h5.......##......
#...^.....### ##@.....†..........
.......(.## ##.....)..........
#........#######.................
.........................#.......
#.........######.........##......
.........................##......
#......÷...####..........## ...#
................#.........#..
#.............................


You could see Natasha and 2 crimson imps.

Vanquished Creatures
  Natasha (D:2)
  An adder (D:2)
  An ooze (D:1)
  A worm (D:2)
  3 hobgoblins (D:1)
  4 kobolds
  A ball python (D:2)
  A bat (D:2)
  2 goblins (D:2)
  6 rats
21 creatures vanquished.

Notes
Turn   | Place    | Note
--------------------------------------------------------------
     0 | D:1      | M4edhros the Octopode Artificer began the quest for the Orb.
     0 | D:1      | Reached XP level 1. HP: 13/13 MP: 3/3
   201 | D:1      | Reached XP level 2. HP: 13/18 MP: 4/4
   821 | D:2      | Reached XP level 3. HP: 23/23 MP: 5/5
   829 | D:2      | Reached skill level 4 in Evocations
   946 | D:2      | Found a burning altar of Makhleb.
   949 | D:2      | Noticed Natasha
   951 | D:2      | Found a radiant altar of Vehumet.
   951 | D:2      | Found a snail-covered altar of Cheibriados.
   958 | D:2      | Killed Natasha
   958 | D:2      | Reached XP level 4. HP: 12/28 MP: 7/7
  1091 | D:2      | Noticed Natasha
  1104 | D:2      | Killed from afar by Natasha

Action                   |  1- 3 |  4- 6 || total
-------------------------+-------+-------++-------
Melee: Short sword       |    41 |    10 ||    51
 Stab: Sleeping          |     6 |     1 ||     7
